 Dungeon Crawl Stone Soup version 0.28.0-43-g3370ac3207 (webtiles) character file.

Game seed: 18095365642923626320

37 crimpus the Skirmisher (level 3, 0/23 HPs)
             Began as a Kobold Fighter on Mar 26, 2022.
             Slain by a gnoll
             ... wielding a +0 whip
              (7 damage)
             ... on level 2 of the Dungeon.
             The game lasted 00:01:31 (901 turns).

crimpus the Skirmisher (Kobold Fighter)              Turns: 901, Time: 00:01:32

Health: 0/23       AC:  2    Str: 13    XL:     3   Next: 62%
Magic:  3/3        EV: 13    Int:  9    God:
Gold:   56         SH:  5    Dex: 16    Spells: 2/2 levels left

rFire   . . .      SeeInvis .   a - +0 rapier
rCold   . . .      Faith    .   c - +0 buckler
rNeg    . . .      Spirit   .   j - +0 robe
rPois   .          Reflect  .   (no helmet)
rElec   .          Harm     .   (no cloak)
rCorr   .          Rampage  .   (no gloves)
Will    .....                   (no boots)
Stlth   +++.......              (no amulet)
HPRegen 0.07/turn               (no ring)
MPRegen 0.08/turn               (no ring)

@: no status effects
A: small, no large weapons, nightstalker 3
a: no special abilities


You were on level 2 of the Dungeon.
You visited 1 branch of the dungeon, and saw 2 of its levels.

You collected 56 gold pieces.

Inventory:

Hand Weapons
 a - a +0 rapier (weapon)
Armour
 b - a +0 scale mail
 c - a +0 buckler (worn)
 j - a +0 robe (worn)
Scrolls
 f - a scroll of identify
 k - a scroll of blinking {unknown}
 l - a scroll of vulnerability {unknown}
 m - a scroll of acquirement {unknown}
Potions
 d - a potion of might
 e - a potion of curing
 g - a potion of mutation {unknown}
 h - a potion of degeneration {unknown}
 i - a potion of cancellation {unknown}


   Skills:
 + Level 3.6 Fighting
 + Level 3.3 Short Blades
 - Level 2.5 Armour
 * Level 1.5 Dodging
 + Level 1.4 Stealth
 - Level 2.5 Shields


You had 2 spell levels left.
You didn't know any spells.
Your spell library contained the following spells:

 Spells                   Type           Power      Damage    Failure   Level
 Summon Small Mammal      Summ           0%         N/A       52%         1
 Call Canine Familiar     Summ           0%         N/A       88%         3
 Summon Guardian Golem    Hex/Summ       0%         N/A       88%         3


Dungeon Overview and Level Annotations

Branches:
Dungeon (2/15)

Altars:


Innate Abilities, Weirdness & Mutations

You are small and have problems with some larger weapons.
You are completely attuned to the shadows.


Message History

The gnoll shouts!
A gnoll comes into view. It is wielding a +0 flail.
There are monsters nearby!
A gnoll comes into view. It is wielding a +0 whip.
The gnoll shouts! x2
You block the gnoll's attack.
There are monsters nearby!
There are monsters nearby!
You hit the gnoll.
The gnoll is heavily wounded.
The gnoll closely misses you.
There are monsters nearby!
You hit the gnoll but do no damage.
The gnoll is heavily wounded.
The gnoll hits you with a +0 flail!
You hit the gnoll.
The gnoll is severely wounded.
You hit the gnoll.
You kill the gnoll!
There are monsters nearby!
You puncture the gnoll!
The gnoll is heavily wounded.
The gnoll hits you with a +0 whip.
You barely miss the gnoll.
The gnoll is heavily wounded.
The gnoll closely misses you. The gnoll hits you with a +0 flail!
* * * LOW HITPOINT WARNING * * *
There are monsters nearby!
You are too injured to fight recklessly!
There are monsters nearby!
You are too injured to fight recklessly!
You are too injured to fight recklessly!
You feel better. You block the gnoll's attack.
You hit the gnoll but do no damage.
The gnoll is heavily wounded.
The gnoll closely misses you.
You barely miss the gnoll.
The gnoll is heavily wounded.
The gnoll hits you with a +0 whip!
You die...

#.### #.#
#. ###.#
#?# #...#
#..###.###
#..)#.#
#...##
####...#
#.@gg#.#
#.####.#
#. .. #.
#.


You could see 2 gnolls.

Vanquished Creatures
  A gnoll (D:2)
  2 worms (D:2)
  2 dart slugs (D:1)
  2 endoplasms
  A goblin (D:1)
  2 jackals (D:1)
  A quokka (D:1)
  4 ball pythons
  2 frilled lizards
  A kobold (D:2)
  A spectral hobgoblin (D:1)
19 creatures vanquished.

Notes
Turn   | Place    | Note
-------+----------+-------------------------------------------
     0 | D:1      | crimpus the Kobold Fighter began the quest for the Orb.
     0 | D:1      | Reached XP level 1. HP: 14/14 MP: 1/1
   191 | D:1      | Reached XP level 2. HP: 19/19 MP: 2/2
   369 | D:1      | Reached skill level 1 in Dodging
   436 | D:1      | Found a faded altar of an unknown god.
   696 | D:2      | Reached skill level 1 in Stealth
   696 | D:2      | Reached XP level 3. HP: 23/23 MP: 3/3
   901 | D:2      | Slain by a gnoll

Illustrated notes

Levels and vault maps discovered:
D:1:      lordsloth_arrival_two_stooges, layout_rooms,
          dreamdust_ecumenical_altar_drowned_temple
D:2:      layout_rooms

Skill      XL: |  1  2 |
---------------+-------+-----
Dodging        | 1 |  1.5
Short Blades   | 3 |  3.3
Stealth        | 1 |  1.4
Fighting       | |  3.6
Armour         | |  2.5
Shields        | |  2.5

Action                   || total
-------------------------++-------
Melee: Rapier            ||    59
  Use: Scroll            ||     2
       Potion            ||     1
 Stab: Sleeping          ||     8
Armor: Scale mail        ||     4
       Robe              ||     4
Dodge: Dodged            ||    24
Block: Buckler           ||    10
